 Dungeon Crawl Stone Soup version 0.26-a0-1213-gd52f5182fe (webtiles) character file.

Game seed: 16623581820118920834

1306 shakesphere1979 the Digger (level 8, -29/60 HPs)
             Began as a Formicid Earth Elementalist on Dec 30, 2020.
             Was an Initiate of Qazlal.
             Annihilated by Gastronok (37 damage)
             ... on level 8 of the Dungeon.
             The game lasted 00:27:56 (8337 turns).

shakesphere1979 the Digger (FoEE)                   Turns: 8337, Time: 00:27:57

Health: -29/60     AC:  3    Str: 14    XL:     8   Next: 88%
Magic:  13/15      EV: 12    Int: 16    God:    Qazlal [......]
Gold:   155        SH:  0    Dex: 11    Spells: 9/17 levels left

rFire    + . .     SeeInvis +   n - +0 glaive (freeze)
rCold    . . .     Faith    .   (no shield)
rNeg     . . .     Spirit   .   m - +0 robe
rPois    .         Reflect  .   (helmet unavailable)
rElec    .         Harm     .   y - +0 cloak
rCorr    .         Rampage  .   (no gloves)
Will     .....                  (no boots)
Stlth    +++.......             a - amulet of magic regeneration
HPRegen  0.20/turn              c - ring of fire
MPRegen  0.39/turn              r - ring of protection from cold

@: attractive, flying
A: permanent stasis, dig shafts and tunnels, four strong arms, antennae 3
a: Dig, Shaft Self, Renounce Religion


You were on level 8 of the Dungeon.
You worshipped Qazlal.
Qazlal was noncommittal.
You visited 2 branches of the dungeon, and saw 8 of its levels.

You collected 239 gold pieces.
You spent 84 gold pieces at shops.

Inventory:

Hand Weapons
 n - a +0 glaive of freezing (weapon)
 o - a +0 shortbow
 w - a +0 hunting sling
Missiles
 b - 23 stones (quivered)
 d - 61 sling bullets
 e - 151 arrows
 s - 29 bolts
Armour
 m - a +0 robe (worn)
 y - a +0 cloak (worn)
Jewellery
 a - an amulet of magic regeneration (around neck)
 c - a ring of fire (left hand)
 r - a ring of protection from cold (right hand)
 F - a +6 ring of dexterity {unknown}
 H - an uncursed ring of protection from fire {unknown}
Wands
 C - a wand of polymorph (9)
 D - a wand of iceblast (9)
Scrolls
 f - 3 scrolls of remove curse
 h - 2 scrolls of noise {unknown}
 j - 5 scrolls of identify
 k - a scroll of amnesia {unknown}
 p - 3 scrolls of immolation {unknown}
 q - a scroll of enchant armour {unknown}
 u - 2 scrolls of teleportation
 x - a scroll of random uselessness {unknown}
 A - 2 scrolls of magic mapping {unknown}
 E - a scroll of blinking {unknown}
Potions
 g - a potion of flight
 i - a potion of heal wounds {unknown}
 l - a potion of attraction
 t - a potion of brilliance {unknown}
 v - a potion of degeneration {unknown}
 z - 2 potions of cancellation {unknown}
 B - a potion of curing {unknown}
 G - a potion of lignification {unknown}


   Skills:
 - Level 4.0 Fighting
 - Level 1.7 Dodging
 - Level 5.0 Stealth
 - Level 5.0 Spellcasting
 + Level 2.5 Hexes
 - Level 4.0 Transmutations
 + Level 7.6 Earth Magic
 + Level 2.2 Evocations


You had 9 spell levels left.
You knew the following spells:

 Your Spells              Type           Power        Failure   Level
a - Sandblast             Erth           56%          1%          1
b - Passwall              Tmut/Erth      18%          2%          2
c - Stone Arrow           Conj/Erth      32%          10%         3
d - Ensorcelled Hibernat  Hex/Ice        16%          14%         2

Your spell library contained the following spells:

 Spells                   Type           Power        Failure   Level
 Corona                   Hex            13%          5%          1
 Slow                     Hex            12%          9%          2
 Petrify                  Tmut/Erth      22%          14%         4
 Magic Dart               Conj           16%          16%         1
 Confusing Touch          Hex            12%          16%         3
 Tukima's Dance           Hex            12%          16%         3
 Lee's Rapid Deconstruct  Erth           14%          19%         5
 Call Imp                 Summ           4%           22%         2
 Dazzling Flash           Conj/Hex       16%          26%         3
 Conjure Flame            Conj/Fire      6%           41%         3
 Mephitic Cloud           Conj/Pois/Air  4%           41%         3
 Blink                    Tloc           Unusable     N/A         2

Dungeon Overview and Level Annotations

Branches:
Dungeon (8/15)             Temple (1/1) D:7
   Lair: D:8-11

Altars:
Ashenzari
Dithmenos
Elyvilon
Fedhas
Gozag
Hepliaklqana
Kikubaaqudgha
Makhleb
Nemelex Xobeh
Okawaru
Qazlal
Ru
Sif Muna
Trog
Uskayaw
Wu Jian
Xom
Zin
The Shining One

Shops:
D:5 =   D:7 *   D:8 }

Annotations:
D:2 2 transporters
D:8 Gastronok


Innate Abilities, Weirdness & Mutations

You cannot be hasted, slowed, berserked, paralysed or teleported.
You can dig through walls and to a lower floor.
Your four strong arms can wield two-handed weapons with a shield.
You have a pair of large antennae on your head. (SInv)


Message History

Press: ? - help, Shift-Dir - straight line, f/p - Gastronok
Aim: Gastronok, wearing a +2 hat (heavily wounded, covering ground quickly)
The mass of ice explodes!
The iceblast engulfs Gastronok!!
Gastronok is heavily wounded.
Evoke which item? (* to show all) (? for menu, Esc to quit)
Aiming: Iceblast
Press: ? - help, Shift-Dir - straight line, f/p - Gastronok
Aim: Gastronok, wearing a +2 hat (heavily wounded, covering ground quickly)
The mass of ice explodes!
The iceblast engulfs Gastronok.
Gastronok is heavily wounded.
Okay, then.
Okay, then.
It was a potion of flight.
You feel very buoyant.
You fly up into the air.
It was a potion of attraction.
You feel attractive to monsters. Gastronok bites you!!!
Ouch! That really hurt!
You die...

###.......## ... #
#####...###### #..# #
##.......... ...# ##
#...#..##### ...#
.###..###..# ... ..#..##
##.# ##.# #...## #.# #..#
##.## #.## #w.## ...##
##..####@..### ##
....#####....##......###.#
#.....##................#
##.........#...∩#.......#
#..##.....#......#...<.#
##..###...##...........##
.....................##.#
..............###....# ...
..#####...÷..## ##..##
#.##


You could see Gastronok (swift).

Vanquished Creatures
  An ice beast (D:5)
  2 ogres
  3 phantoms
  A centaur (D:5)
  2 bullfrogs (D:7)
  A scorpion (D:4)
  A howler monkey (D:5)
  A quasit (D:5)
  A hound (D:8)
  2 bullfrog skeletons (D:5)
  An orc priest (D:7)
  An orc wizard (D:4)
  An iguana (D:7)
  2 worker ants
  A hound skeleton (D:4)
  4 gnolls (D:4)
  7 adders
  An ufetubus (D:5)
  2 oozes
  An adder zombie (D:5)
  2 worms
  3 dart slugs
  3 leopard geckos
  13 orcs
  5 bats
  3 giant cockroaches
  7 goblins
  3 hobgoblins
  6 jackals
  4 frilled lizards
  A goblin skeleton (D:5)
  A goblin zombie (D:5)
  A hobgoblin zombie (D:5)
  5 kobolds
  2 kobold skeletons (D:5)
  A kobold zombie (D:5)
  A leopard gecko skeleton (D:4)
  An orc skeleton (D:5)
  An orc zombie (D:5)
  A quokka skeleton (D:5)
  5 rats
105 creatures vanquished.

Notes
Turn   | Place    | Note
-------+----------+-------------------------------------------
     0 | D:1      | shakesphere1979 the Formicid Earth Elementalist began the
                  | quest for the Orb.
     0 | D:1      | Reached XP level 1. HP: 13/13 MP: 3/3
   531 | D:1      | Reached XP level 2. HP: 14/20 MP: 5/5
   965 | D:1      | Reached XP level 3. HP: 17/25 MP: 3/6
  1174 | D:1      | Reached skill level 1 in Fighting
  1360 | D:2      | Reached skill level 4 in Earth Magic
  1868 | D:2      | Reached XP level 4. HP: 29/32 MP: 7/7
  2289 | D:2      | Found an iron altar of Okawaru.
  2289 | D:2      | Found a bloodstained altar of Trog.
  2305 | D:2      | Found a transporter.
  2495 | D:2      | Found a transporter.
  2620 | D:3      | Found a shimmering altar of Xom.
  2735 | D:3      | Found a sparkling altar of Nemelex Xobeh.
  2806 | D:3      | Found a faded altar of an unknown god.
  3705 | D:4      | Reached XP level 5. HP: 31/38 MP: 6/9
  4042 | D:4      | Noticed a phantom
  4052 | D:4      | Killed a phantom
  4053 | D:4      | Reached XP level 6. HP: 46/46 MP: 2/11
  4131 | D:4      | Learned a level 2 spell: Passwall
  4135 | D:4      | Learned a level 3 spell: Stone Arrow
  4135 | D:4      | Found a burning altar of Makhleb.
  4411 | D:4      | Reached skill level 5 in Earth Magic
  4758 | D:4      | Reached XP level 7. HP: 45/51 MP: 10/12
  4896 | D:5      | Entered Level 5 of the Dungeon
  4976 | D:5      | Found a glowing golden altar of the Shining One.
  5082 | D:5      | Reached skill level 5 in Stealth
  5418 | D:5      | Reached XP level 8. HP: 53/60 MP: 14/14
  5475 | D:5      | Found Nios's Jewellery Emporium.
  5512 | D:5      | Reached skill level 6 in Earth Magic
  5879 | D:5      | Found a white marble altar of Elyvilon.
  5899 | D:5      | You fall into a shaft and drop 3 floors!
  6153 | D:8      | Learned a level 2 spell: Ensorcelled Hibernation
  6305 | D:8      | Found Plog's Gadget Shoppe.
  6332 | D:8      | Bought a wand of iceblast (2) for 84 gold pieces
  6358 | D:7      | Found Cuwe's Assorted Antiques.
  6368 | D:7      | Reached skill level 5 in Spellcasting
  6394 | D:7      | Reached skill level 7 in Earth Magic
  6538 | D:7      | Reached skill level 1 in Hexes
  6538 | D:7      | Reached skill level 1 in Evocations
  7014 | D:7      | Found a staircase to the Ecumenical Temple.
  7169 | Temple   | Entered the Ecumenical Temple
  7471 | Temple   | Became a worshipper of Qazlal Stormbringer
  8320 | D:8      | Noticed Gastronok
  8337 | D:8      | Annihilated by Gastronok

Illustrated notes

Levels and vault maps discovered:
D:1:      shiori_shiawase, layout_loops_corners
D:2:      layout_loops_ring, gammafunk_temple_overflow_arena
D:3:      layout_basic, nemelex_xobeh_ov_fountains_minmay, lemuel_doored_altar,
          chequers_ecumenical_altar_simple_redux
D:4:      layout_loops_ring, bloody_makhleb
D:5:      layout_basic, elyvilon_altar_3, serial_shops,
          nicolae_shop_behind_doors, nicolae_tso_besieged_by_evil
D:7:      layout_cave_pods, minmay_temple_entry_crystal_x,
          nicolae_ossuary_entry_false_entrances, serial_shops, shop_statue
D:8:      layout_layer_cave, nicolae_overflow_hidden_temple, serial_shops, shop,
          enter_bailey_4, basic_altar, uniq_gastronok
Temple:   nicolae_temple_x_marks_the_god

Skill      XL: |  1  2  3  4  5  6  7  8 |
---------------+-------------------------+-----
Fighting       | 1 2 3 4 |  4.0
Stealth        | 3 4 5 |  5.0
Earth Magic    | 4 5 7 |  7.6
Transmutations | 2 3 4 |  4.0
Spellcasting   | 3 4 5 |  5.0
Hexes          | 2 |  2.5
Evocations     | 2 |  2.2
Dodging        | |  1.7

Action                   |  1- 3 |  4- 6 |  7- 9 || total
-------------------------+-------+-------+-------++-------
Melee: Unarmed           |    10 |       |       ||    10
       Spear             |    37 |       |       ||    37
       Rapier            |       |    46 |    87 ||   133
       Short sword       |       |    20 |       ||    20
       Glaive            |       |       |    19 ||    19
 Cast: Sandblast         |    25 |    47 |    57 ||   129
       Stone Arrow       |       |       |     6 ||     6
 Abil: Shaft Self        |       |       |     1 ||     1
Evoke: Wand              |       |       |     3 ||     3
  Use: Scroll            |       |     4 |     2 ||     6
       Potion            |       |       |     2 ||     2
 Stab: Sleeping          |     3 |     3 |     5 ||    11
       Distracted        |       |     1 |       ||     1
Armor: Robe              |    17 |     8 |    29 ||    54
Dodge: Dodged            |    46 |    57 |   117 ||   220

Table legend: (Time is in decaauts)
 A = Elapsed time spent in this place.
 B = Non-inter-level travel time spent in this place.
 C = Inter-level travel time spent in this place.
 D = Time resting spent in this place.
 E = Time spent auto-exploring this place.
 F = Levels seen in this place.
 G = Mean time per level.
                   A        B        C        D        E       F      G
               +--------+--------+--------+--------+--------+-----+--------+
         Total |   8378 |   8281 |     97 |   2772 |   3370 |   8 | 1047.2 |
       Dungeon |   8056 |   7959 |     97 |   2772 |   3320 |   7 | 1150.9 |
        Temple |    321 |    321 |      0 |      0 |     50 |   1 |  321.0 |
               +--------+--------+--------+--------+--------+-----+--------+

Top non-repeatable levels by time:
     D:7: 1656 daAuts
     D:1: 1336 daAuts
     D:4: 1314 daAuts
     D:2: 1248 daAuts
     D:5: 1015 daAuts
     D:3: 1008 daAuts
     D:8: 476 daAuts
  Temple: 321 daAuts
